 Dungeon Crawl Stone Soup version 0.31-a0-271-gb88eb75e06 (webtiles) character file.

Game seed: 9739698407085953520

84784 promet the Eclecticist (level 15, -4/91 HPs)
             Began as a Deep Elf Summoner on July 14, 2023.
             Was a High Priest of Dithmenos.
             Shot with an arrow by Nessos (13 damage)
             ... on level 4 of the Lair of Beasts.
             The game lasted 02:53:43 (30532 turns).

promet the Eclecticist (Deep Elf Summoner)         Turns: 30532, Time: 02:53:43

Health: -4/91      AC: 12    Str: 11    XL:     15   Next: 36%
Magic:  26/36      EV: 13    Int: 28    God:    Dithmenos [*****.]
Gold:   1335       SH:  0    Dex: 15    Spells: 24/45 levels left

rFire   . . .        b - +1 orcbow (freeze)
rCold   . . .        (shield currently unavailable)
rNeg    . . .        X - +2 troll leather armour
rPois   .            i - +2 hat
rElec   .            (no cloak)
rCorr   .            (no gloves)
SInv    +            v - +3 pair of seven-league boots {Rampage+∞}
Will    +....        G - amulet of regeneration
Stlth   ++++         H - ring of see invisible
HPRegen 1.95/turn    x - +6 ring of intelligence
MPRegen 0.25/turn

%: rampage+∞
@: lethally poisoned (-4 -> -5), wreathed by umbra
A: no striking features
a: Renounce Religion, Shadow Step, Shadow Form


You were on level 4 of the Lair of Beasts.
You worshipped Dithmenos.
Dithmenos was extremely pleased with you.
You visited 2 branches of the dungeon, and saw 15 of its levels.
You also visited: Ossuary.

You collected 1335 gold pieces.

Inventory:

Hand Weapons
 a - a +4 short sword of venom
 b - a +1 orcbow of freezing (weapon)
 g - a +2 vampiric trident
 l - a +4 scimitar of flaming
 n - a +4 battleaxe of freezing
 z - a +2 short sword of holy wrath
 M - a +0 heavy flail
 O - a +5 war axe
 Q - the +1 mace "Duarphus" {freeze, rPois rCorr SInv}
   (You took it off a gnoll bouda on level 8 of the Dungeon)

   rPois:     It protects you from poison.
   SInv:      It lets you see invisible.
   rCorr:     It protects you from acid and corrosion.
 T - the +3 quarterstaff of Earthquakes {speed, Str+4 Int+3 Stlth-}
   (You found it on level 1 of the Lair of Beasts)

   Str:       It affects your strength (+4).
   Int:       It affects your intelligence (+3).
   Stlth:     It makes you less stealthy.
 W - a +2 vampiric dagger
 Y - the +12 mace of Abloheo {drain, +Blink rCorr SInv}
   (You found it on level 9 of the Dungeon)

   SInv:      It lets you see invisible.
   +Blink:    It lets you blink.
   rCorr:     It protects you from acid and corrosion.
 Z - a +3 whip of venom
Missiles
 c - 113 stones
 w - 7 boomerangs
 B - 2 poisoned darts
 V - 2 atropa-tipped darts
Armour
 i - a +2 hat (worn)
 v - the +3 pair of seven-league boots (worn) {Rampage+∞}
   (You acquired it in an ossuary)

   Rampage+∞: When moving toward enemies, its wearer moves as far as possible,
   alerting their target en route.
 N - the +5 scale mail "Daitu" {Will+++ Dex-2}
   (You found it on level 9 of the Dungeon)

   Dex:       It affects your dexterity (-2).
   Will:      It greatly increases your willpower.
 X - a +2 troll leather armour (worn)
Magical Staves
 P - a staff of conjuration
Jewellery
 h - a +4 ring of slaying
 j - an amulet of reflection
 s - a ring of poison resistance
 x - a +6 ring of intelligence (right hand)
 G - an amulet of regeneration (around neck)
 H - a ring of see invisible (left hand)
 K - a ring of protection from cold
Wands
 k - a wand of charming (6)
 p - a wand of flame (37)
 q - a wand of polymorph (3)
 F - a wand of roots (12)
 J - a wand of quicksilver (10)
 R - a wand of mindburst (22)
 U - a wand of digging (11)
Scrolls
 d - a scroll of acquirement
 t - 7 scrolls of teleportation
 D - a scroll of identify
 I - a scroll of blinking
 L - a scroll of revelation
Potions
 e - 4 potions of curing
 f - 5 potions of brilliance
 m - 4 potions of heal wounds
 o - 2 potions of resistance
 r - a potion of might
 u - 5 potions of attraction
 y - 2 potions of magic
 A - a potion of haste
 C - 2 potions of lignification {unknown}
 E - 2 potions of invisibility
 S - 2 potions of cancellation {unknown}


   Skills:
 * Level 9.4 Fighting
 + Level 2.3 Short Blades
 + Level 0.1(1.2) Long Blades
 + Level 1.0(2.7) Axes
 + Level 3.7(3.9) Maces & Flails
 + Level 0.1(0.9) Polearms
 + Level 1.4(3.4) Staves
 + Level 9.3 Ranged Weapons
 + Level 0.3 Throwing
 + Level 3.9 Armour
 + Level 4.5 Dodging
 + Level 4.7 Stealth
 + Level 15.5 Spellcasting
 + Level 6.3 Hexes
 + Level 13.4 Summonings
 + Level 4.6 Air Magic
 * Level 8.8 Invocations
 + Level 0.1 Evocations


You had 24 spell levels left.
You knew the following spells:

 Your Spells              Type           Power      Damage    Failure   Level
a - Summon Small Mammal   Summ           100%       N/A       0%          1
b - Call Imp              Summ           100%       N/A       1%          2
c - Call Canine Familiar  Summ           77%        N/A       1%          3
d - Summon Guardian Gole  Hex/Summ       67%        N/A       1%          3
e - Summon Lightning Spi  Summ/Air       64%        N/A       1%          4
f - Dazzling Flash        Conj/Hex       78%        N/A       2%          3
g - Silence               Hex/Air        25%        N/A       9%          5

Your spell library contained the following spells:

 Spells                   Type           Power      Damage    Failure   Level
 Slow                     Hex            100%       N/A       1%          1
 Confusing Touch          Hex            54%        N/A       1%          3
 Leda's Liquefaction      Hex/Erth       19%        N/A       8%          4
 Vampiric Draining        Necr           21%        2d7       9%          3
 Agony                    Necr           21%        N/A       63%         5
 Lee's Rapid Deconstruct  Erth           10%        3d8*      63%         5
 Leda's Unmaking          Conj/Erth      10%        9d3       99%         6


Dungeon Overview and Level Annotations

Branches:
Dungeon (11/15)            Temple (0/1) D:6            Lair (4/5) D:11
  Swamp (0/4) Lair:3        Snake (0/4) Lair:3      Ossuary (visited)
  Slime: Lair:4-5       Orc: D:9-12

Altars:
Cheibriados
Dithmenos
Sif Muna
Xom

Annotations:
Lair:4 Nessos


Message History

Your guardian golem overheats!
You shoot an arrow. The arrow barely misses Nessos.
You feel very sick.
Nessos pounds the earth with their hooves.
Nessos shoots an arrow.
The arrow closely misses you.
The arrow hits the plant!!
The plant begins to die.
The arrow burns the plant!
Flame seeps out of your guardian golem.
Nessos shoots an arrow.
The arrow closely misses you.
The arrow completely misses the plant.
Your guardian golem is engulfed in blazing flames.
Flame seeps out of your guardian golem.
Nessos shoots an arrow.
The arrow hits you!! The arrow burns you!
Casting: Call Canine Familiar (safe; 1% risk of failure)
Confirm with . or Enter, or press ? or * to list all spells.
An electric hum fills the air.
You feel sick.
Nessos unwields a +2 longbow of flaming.
It stops flaming.
Nessos hits your lightning spire but does no damage.
Nessos kicks your lightning spire but does no damage.
Nessos hits your lightning spire!
Nessos barely misses your lightning spire.
You feel sick.
Nessos casts a spell.
Nessos blinks!
Nessos wields a +2 longbow of flaming.
It bursts into flame!
Nessos shoots an arrow.
The arrow hits you! The arrow burns you.
Your warg barely misses Nessos.
You are too injured to fight recklessly!
Fire: b) +1 orcbow (freeze)
Press: ? - help, Q - select action, (/) - cycle Shift-Dir - straight line, f/p - Nessos
Aim: Nessos, wielding a +2 longbow of flaming and wearing a +0 barding of cold resistance (lightly wounded, fast, poisoned, ally target, umbra, 73% to hit)
You shoot an arrow. The arrow hits Nessos.
Nessos is lightly wounded.
You feel sick.
Nessos shoots an arrow.
The arrow hits you!!
* * * LOW HITPOINT WARNING * * *
The arrow burns you!
You are more poisoned.
* * * LOW HITPOINT WARNING * * *
Flame seeps out of your guardian golem.
Nessos shoots an arrow.
The arrow barely misses you.
Your warg barely misses Nessos.
Nessos shoots an arrow.
The arrow hits you!
You die...

........[#
#...
..P.....##
###..
...#.....
#....
..###....#
#...##
#.§.P#
#..8.#
#.9.P#
#.†..#
#h.@P#
#c...##
#....#
##...#
#...#
....#
##...#
#...#


You could see Nessos (fast, poisoned, ally target), a friendly guardian golem
(summoned, inner flame), a friendly warg (summoned, sheltered, poisoned) and a
friendly lightning spire (summoned, sheltered).

Vanquished Creatures
  Erica (D:8)
  A kobold demonologist (D:11)
  2 komodo dragons
  A polar bear (Lair:3)
  A blink frog (Lair:2)
  3 yaks
  A swamp worm (Lair:3)
  A water moccasin (D:3)
  A black bear (D:5)
  An orc warrior (D:7)
  A boggart (Lair:4)
  A wolf (Lair:4)
  3 centaurs
  6 bullfrogs
  5 wights
  A killer bee (D:9)
  3 howler monkeys
  An electric eel (Lair:3)
  2 orc priests (D:7)
  A jelly (Lair:2)
  A gnoll bouda (D:8)
  2 hounds
  An iguana (D:7)
  An orc wizard (D:7)
  2 gnolls
  6 adders
  A white imp (D:7)
  A worm (D:2)
  A dart slug (D:5)
  8 orcs
  5 endoplasms
  A giant cockroach (D:3)
  2 goblins
  3 hobgoblins
  2 quokkas
  A ball python (D:3)
  2 bats
  3 frilled lizards (D:1)
  2 kobolds
  3 rats
85 creatures vanquished.

Vanquished Creatures (collateral kills)
  Gastronok (Lair:2)
  A hydra (Lair:4)
  2 two-headed ogres
  2 death yaks (Lair:4)
  3 bog bodies (Lair:3)
  An ugly thing (D:11)
  4 lindwurms (D:9)
  A manticore (D:11)
  An oklob plant (D:11)
  A guardian serpent (D:11)
  4 cane toads
  A gargoyle (D:10)
  2 rime drakes
  6 komodo dragons
  Psyche (D:9)
  A kobold demonologist (D:11)
  6 trolls
  2 polar bears (Lair:4)
  4 blink frogs (Lair:2)
  A slime creature (Lair:2)
  3 basilisks
  A vampire (D:10)
  35 yaks
  2 wyverns
  A vampire mosquito (D:11)
  A steam dragon (Lair:4)
  A swamp worm (Lair:3)
  3 nagas (Lair:3)
  5 water moccasins
  An orc warrior (D:7)
  2 black bears (Lair:1)
  5 ogres
  An ice beast (D:5)
  A sky beast (D:7)
  5 wolves
  2 centaurs
  A phantom (D:5)
  A boggart (Lair:4)
  7 bullfrogs
  A scorpion (D:7)
  3 gnoll sergeants
  4 wights (D:7)
  A howler monkey (D:9)
  An electric eel (D:9)
  10 jellies
  2 orc priests (D:4)
  2 hounds
  6 iguanas
  4 orc wizards
  8 mummies (Ossuary)
  13 gnolls
  12 adders
  A shadow imp (D:5)
  An ufetubus (D:5)
  3 dart slugs
  19 orcs
  6 ball pythons
  12 endoplasms
  A giant cockroach (D:2)
  A goblin (D:4)
  4 hobgoblins
  4 jackals (D:4)
  A kobold (D:2)
  2 quokkas
  A bat (D:2)
  3 frilled lizards
  A gnoll zombie (Ossuary)
  A hobgoblin zombie (Ossuary)
  4 kobold zombies (Ossuary)
  2 orc zombies (Ossuary)
  3 rats
260 creatures vanquished.

Vanquished Creatures (others)
  Rupert (Lair:4)
  3 death yaks (Lair:4)
  A lindwurm (Lair:4)
  A cane toad (Lair:2)
  Maggie (D:8)
  A polar bear (Lair:2)
  A hornet (D:11)
  A shadow (D:10)
  7 yaks
  A vampire mosquito (D:11)
  A water moccasin (D:6)
  An ogre (D:7)
  2 wolves (Lair:1)
  A centaur (D:10)
  A bullfrog (Lair:2)
  A gnoll sergeant (D:9)
  5 wights
  5 killer bees (D:9)
  A sleepcap (D:5)
  An orc wizard (D:9)
37 creatures vanquished.

Grand Total: 382 creatures vanquished

Notes
Turn   | Place    | Note
-------+----------+-------------------------------------------
     0 | D:1      | promet the Deep Elf Summoner began the quest for the Orb.
     0 | D:1      | Reached XP level 1. HP: 10/10 MP: 6/6
   454 | D:1      | Reached XP level 2. HP: 15/15 MP: 5/8
  1433 | D:2      | Learned a level 2 spell: Call Imp
  1454 | D:2      | Reached XP level 3. HP: 20/20 MP: 3/10
  1733 | D:2      | Reached skill level 5 in Summonings
  2163 | D:2      | Reached skill level 4 in Spellcasting
  2163 | D:2      | Reached XP level 4. HP: 20/24 MP: 9/12
  2177 | D:2      | Reached skill level 1 in Fighting
  2447 | D:3      | Noticed a water moccasin
  2457 | D:3      | Killed a water moccasin
  2458 | D:3      | Reached skill level 1 in Axes
  2458 | D:3      | Reached XP level 5. HP: 28/29 MP: 10/14
  2801 | D:3      | Reached skill level 5 in Spellcasting
  2861 | D:3      | Learned a level 3 spell: Call Canine Familiar
  2941 | D:3      | Found a shadowy altar of Dithmenos.
  2952 | D:3      | Became a worshipper of Dithmenos the Shadowed
  2974 | D:3      | Found a faded altar of an unknown god.
  3552 | D:4      | Reached XP level 6. HP: 35/35 MP: 11/16
  3912 | D:4      | Learned a level 3 spell: Summon Guardian Golem
  4060 | D:4      | Reached skill level 6 in Spellcasting
  4587 | D:4      | Reached XP level 7. HP: 37/40 MP: 12/18
  4696 | D:4      | Found a snail-covered altar of Cheibriados.
  4916 | D:5      | Entered Level 5 of the Dungeon
  4957 | D:5      | Reached * piety under Dithmenos
  5364 | D:5      | Found a sand-covered staircase.
  5369 | Ossuary  | Entered an ossuary
  5887 | Ossuary  | Identified a scroll of acquirement
  5887 | Ossuary  | Acquired the +3 pair of seven-league boots {Rampage+∞}
  5887 | Ossuary  | Found the +3 pair of seven-league boots {Rampage+∞}
  6163 | D:5      | Reached skill level 7 in Spellcasting
  6210 | D:5      | Learned a level 4 spell: Summon Lightning Spire
  6444 | D:5      | Reached XP level 8. HP: 46/46 MP: 15/21
  6557 | D:5      | Reached skill level 8 in Spellcasting
  6895 | D:5      | Learned a level 3 spell: Dazzling Flash
  7160 | D:5      | Reached ** piety under Dithmenos
  7435 | D:6      | Reached skill level 1 in Hexes
  7499 | D:6      | Found a staircase to the Ecumenical Temple.
  8686 | D:7      | Reached skill level 9 in Spellcasting
  9012 | D:7      | Reached XP level 9. HP: 45/52 MP: 17/24
  9287 | D:7      | Reached skill level 1 in Short Blades
  9294 | D:7      | Reached skill level 1 in Ranged Weapons
  9857 | D:7      | Reached skill level 10 in Spellcasting
 10299 | D:7      | Upgraded the game from 0.31-a0-263-ge8cad7f256 to
                  | 0.31-a0-271-gb88eb75e06
 11863 | D:8      | Reached skill level 1 in Armour
 11891 | D:8      | Reached skill level 5 in Fighting
 12250 | D:8      | Noticed Maggie
 12265 | D:8      | Killed Maggie
 12266 | D:8      | Reached XP level 10. HP: 49/59 MP: 18/26
 12444 | D:8      | Noticed Erica
 12458 | D:8      | Killed Erica
 12459 | D:8      | Reached skill level 5 in Ranged Weapons
 12459 | D:8      | Reached skill level 1 in Invocations
 12616 | D:8      | Identified the +1 mace "Duarphus" {freeze, rPois rCorr
                  | SInv}
 12638 | D:8      | Reached skill level 10 in Summonings
 12671 | D:8      | Reached *** piety under Dithmenos
 12675 | D:8      | Reached skill level 11 in Spellcasting
 13521 | D:9      | Identified the +5 scale mail "Daitu" {Will+++ Dex-2}
 13759 | D:9      | Noticed a two-headed ogre
 13770 | D:9      | Killed a two-headed ogre
 14023 | D:9      | Found a shimmering altar of Xom.
 14026 | D:9      | Found a shimmering blue altar of Sif Muna.
 14136 | D:9      | Noticed a lindwurm
 14137 | D:9      | Noticed a lindwurm
 14147 | D:9      | Noticed a lindwurm
 14285 | D:9      | Noticed a lindwurm
 14379 | D:9      | Killed a lindwurm
 14389 | D:9      | Noticed Psyche
 14403 | D:9      | Killed Psyche
 14787 | D:9      | Killed a lindwurm
 14788 | D:9      | Reached skill level 12 in Spellcasting
 14788 | D:9      | Reached skill level 1 in Air Magic
 14801 | D:9      | Killed a lindwurm
 14802 | D:9      | Reached XP level 11. HP: 64/64 MP: 21/29
 15112 | D:9      | Killed a lindwurm
 15575 | D:10     | Entered Level 10 of the Dungeon
 18034 | D:9      | Identified the +12 mace of Abloheo {drain, +Blink rCorr
                  | SInv}
 18176 | D:11     | Noticed an oklob plant
 18188 | D:11     | Found a staircase to the Lair.
 18602 | D:11     | Killed an oklob plant
 18842 | D:11     | Noticed a two-headed ogre
 18886 | D:11     | Killed a two-headed ogre
 18887 | D:11     | Reached skill level 1 in Maces & Flails
 18887 | D:11     | Reached skill level 13 in Spellcasting
 20048 | D:11     | Noticed a red ugly thing
 20053 | D:11     | Killed a red ugly thing
 20755 | Lair:1   | Entered Level 1 of the Lair of Beasts
 21136 | Lair:1   | Reached XP level 12. HP: 71/71 MP: 27/31
 21158 | Lair:1   | Reached **** piety under Dithmenos
 22428 | Lair:1   | Identified the +3 quarterstaff of Earthquakes {speed, Str+4
                  | Int+3 Stlth-}
 22540 | Lair:1   | Reached skill level 14 in Spellcasting
 24032 | Lair:2   | Noticed Gastronok
 24044 | Lair:2   | Killed Gastronok
 24361 | Lair:2   | Learned a level 5 spell: Silence
 24563 | Lair:2   | Reached ***** piety under Dithmenos
 26505 | Lair:3   | Reached XP level 13. HP: 78/78 MP: 22/33
 26508 | Lair:3   | Reached skill level 1 in Staves
 26866 | Lair:3   | Reached skill level 15 in Spellcasting
 27287 | Lair:3   | Identified the +1 plate armour of Untold Secrets {Int+3}
 27361 | Lair:3   | Reached XP level 14. HP: 84/84 MP: 35/35
 27431 | Lair:3   | Found a staircase to the Snake Pit.
 27871 | Lair:3   | Reached XP level 15. HP: 90/90 MP: 36/36
 28125 | Lair:3   | Found a staircase to the Swamp.
 29883 | Lair:4   | Identified the +4 shortbow of Weak Optimality {freeze,
                  | Fragile rN+ Will+ MP+9 Int+3}
 29926 | Lair:4   | Noticed Rupert
 29945 | Lair:4   | Paralysed by Rupert for 3 turns
 29948 | Lair:4   | Killed Rupert
 30519 | Lair:4   | Noticed Nessos
 30532 | Lair:4   | Shot with an arrow by Nessos

Illustrated notes

Levels and vault maps discovered:
D:1:      amcnicky_arrival_double_pillar, layout_loops_corners,
          minmay_misc_feat_x, dk_noncrumbling_2, minmay_pentomino_o2
D:2:      kennysheep_big_flooded_room, layout_rooms
D:3:      layout_rooms, grunt_dithmenos_smoke_and_mirrors,
          nicolae_ecumenical_snake_handling, kennysheep_donut
D:4:      layout_gridville, chei_slow_surprise, kennysheep_diamond
D:5:      minmay_thinvault, layout_basic, enter_ossuary_2
D:6:      layout_basic, minmay_temple_entry_antechambers
D:7:      nicolae_whirlpool, layout_basic, minmay_strange_pillars
D:8:      layout_basic, nicolae_grassy_gnolls, uniq_erica, uniq_maggie
D:9:      layout_roguey, nicolae_overflow_squiral, dreamdust_princess_bridge,
          hex_tiny, minmay_lindwurm_lava, uniq_psyche
D:10:     layout_loops_corners
D:11:     minmay_octagon_keep, layout_basic, dpeg_oklobed_lair,
          nrook_guardian_serpent_ordinary
Lair:1:   layout_loops_ring, beast_lair_carwin_8, serial_bayou_shore_b,
          grunt_megastairs_2, serial_bayou_shore_b, lemuel_fruit_fields
Lair:2:   lemuel_slime, layout_concentric_octagons, wad_woods_road_05,
          grunt_megastairs_5, serial_bayou_shore_b, infiniplex_staircase_pool_2,
          uniq_gastronok
Lair:3:   layout_hall_layers, nicolae_swamp_entry_splash_gauntlet,
          nicolae_snake_entry_squirm
Lair:4:   minmay_lair_oklob_tunnel, layout_long_grid, kilobyte_rumbling_trees,
          uniq_nessos, uniq_rupert

Skill      XL: |  1  2  3  4  5  6  7  8  9 10 11 12 13 14 |
---------------+-------------------------------------------+-----
Summonings     | 5 6 7 8 9 10 11 13 | 13.4
Spellcasting   | 4 5 6 7 9 10 12 13 14 15 | 15.5
Fighting       | 1 2 3 4 5 6 7 8 9 |  9.4
Axes           | 1 |  1.0
Stealth        | 3 4 |  4.7
Dodging        | 3 4 |  4.5
Hexes          | 1 2 3 4 6 |  6.3
Short Blades   | 1 2 |  2.3
Ranged Weapons | 4 5 7 8 9 |  9.3
Armour         | 1 2 3 |  3.9
Invocations    | 4 6 8 |  8.8
Air Magic      | 1 2 4 |  4.6
Maces & Flails | 2 3 |  3.7
Staves         | 1 |  1.4
Long Blades    | |  0.1
Polearms       | |  0.1
Throwing       | |  0.3
Evocations     | |  0.1

Action                     |  1- 3 |  4- 6 |  7- 9 | 10-12 | 13-15 || total
---------------------------+-------+-------+-------+-------+-------++-------
  Melee: Dagger            |    18 |       |       |       |       ||    18
         Hand axe          |    29 |       |       |       |       ||    29
         Short sword       |     6 |    31 |    33 |    39 |    18 ||   127
         Spear             |       |       |     7 |       |       ||     7
         Mace              |       |       |       |    17 |     3 ||    20
         Trident           |       |       |       |     8 |     6 ||    14
         Punch             |       |       |       |     2 |       ||     2
         Quarterstaff      |       |       |       |    13 |       ||    13
         Scimitar          |       |       |       |       |     1 ||     1
   Fire: Orcbow            |       |       |    59 |   108 |    49 ||   216
  Throw: Boomerang         |       |       |     7 |       |       ||     7
         Dart              |       |       |       |     2 |       ||     2
   Cast: Summon Small Mamm |    25 |    31 |    50 |    23 |     8 ||   137
         Call Imp          |     3 |    13 |    34 |    53 |    16 ||   119
         Call Canine Famil |       |     7 |    23 |    44 |    14 ||    88
         Summon Guardian G |       |     3 |    20 |    46 |    16 ||    85
         Summon Lightning  |       |       |       |    56 |    27 ||    83
  Evoke: Wand              |       |     1 |       |       |     2 ||     3
    Use: Scroll            |       |    13 |    12 |    10 |     3 ||    38
         Potion            |       |     1 |     1 |     3 |     2 ||     7
   Stab: Sleeping          |     2 |     4 |       |       |       ||     6
         Distracted        |       |     1 |       |     1 |     4 ||     6
 Armour: Robe              |    12 |    12 |    10 |       |       ||    34
         Leather armour    |       |       |     5 |     7 |       ||    12
         Troll leather arm |       |       |       |    24 |    22 ||    46
  Dodge: Dodged            |    39 |    34 |    51 |    86 |    42 ||   252

Table legend: (Time is in decaauts)
 A = Elapsed time spent in this place.
 B = Non-inter-level travel time spent in this place.
 C = Inter-level travel time spent in this place.
 D = Time resting spent in this place.
 E = Time spent auto-exploring this place.
 F = Levels seen in this place.
 G = Mean time per level.
                   A        B        C        D        E       F      G
               +--------+--------+--------+--------+--------+-----+--------+
         Total |  30576 |  29978 |    598 |  13440 |   3981 |  16 | 1911.0 |
       Dungeon |  20227 |  19693 |    534 |   7948 |   3053 |  11 | 1838.8 |
          Lair |   9796 |   9732 |     64 |   5219 |    902 |   4 | 2449.0 |
       Ossuary |    552 |    552 |      0 |    273 |     26 |   1 |  552.0 |
               +--------+--------+--------+--------+--------+-----+--------+

Top non-repeatable levels by time:
     D:7: 2973 daAuts
  Lair:3: 2907 daAuts
    D:11: 2731 daAuts
  Lair:1: 2628 daAuts
     D:9: 2457 daAuts
    D:10: 2231 daAuts
  Lair:4: 2220 daAuts
  Lair:2: 2041 daAuts
     D:5: 1927 daAuts
     D:4: 1723 daAuts
     D:8: 1657 daAuts
     D:6: 1326 daAuts
     D:1: 1257 daAuts
     D:2: 1173 daAuts
     D:3: 767 daAuts
